 Dungeon Crawl Stone Soup version 0.18-a0-1211-g828307d (webtiles) character file.

3226 axujen the Frost Mage (level 9, -3/68 HPs)
             Began as a Vampire Ice Elementalist on Feb 3, 2016.
             Was an Initiate of Kikubaaqudgha.
             Shot with an arrow of frost by a centaur warrior (7 damage)
             ... on level 9 of the Dungeon on Feb 6, 2016.
             The game lasted 00:49:58 (14767 turns).

axujen the Frost Mage (Vampire Ice Elementalist)   Turns: 14767, Time: 00:49:58

Health: -3/68      AC:  6    Str:  7    XL:     9   Next: 66%
Magic:  6/16       EV: 12    Int: 24    God:    Kikubaaqudgha [......]
Gold:   427        SH:  0    Dex: 15    Spells: 4 memorised, 6 levels left

rFire  . . .     SeeInvis +     a - +2 dagger (drain) {@w1}
rCold  + . .     Gourm    .     F - +2 robe "Sios" {MR+ Int+4}
rNeg   + + .     Faith    .     (no shield)
rPois  +         Spirit   .     (no helmet)
rElec  .         Dismiss  .     M - +0 cloak
rCorr  .         Reflect  .     (no gloves)
SustAt .         Harm     .     D - +0 pair of boots
MR     +....                    (no amulet)
Stlth  +++.......               (no ring)
                                (no ring)

@: regenerating slowly, somewhat resistant to hostile enchantments, fairly
stealthy
A: fangs 3, see invisible, unbreathing
a: Bat Form, Renounce Religion


You were on level 9 of the Dungeon.
You worshipped Kikubaaqudgha.
Kikubaaqudgha was noncommittal.
You were very thirsty.

You visited 2 branches of the dungeon, and saw 10 of its levels.

You collected 427 gold pieces.

Inventory:

Hand Weapons
 a - a +2 dagger of draining (weapon) {@w1}
 J - a +3 spear of venom
Missiles
 j - 199 stones (quivered)
 s - 41 poisoned needles
Armour
 g - a +1 leather armour
 A - a +0 robe of magic resistance
 D - a +0 pair of boots (worn)
 F - the +2 robe "Sios" (worn) {MR+ Int+4}
   (You found it on level 5 of the Dungeon)

   It affects your intelligence (+4).
   It affects your resistance to hostile enchantments.
 M - a +0 cloak (worn)
Magical Staves
 b - an uncursed staff of cold {@w2}
 R - an uncursed staff of wizardry
Jewellery
 T - an uncursed ring of fire
Wands
 x - a wand of flame (28/48)
 B - a wand of digging (12/24)
 Q - a wand of random effects (33/48)
Scrolls
 z - 4 scrolls of remove curse
 C - 3 scrolls of enchant armour
 I - 2 scrolls of teleportation
 P - a scroll of magic mapping
Potions
 e - a potion of brilliance
 h - 2 potions of flight
 n - 2 potions of curing
 p - 2 potions of lignification
 q - 2 potions of agility
 r - a potion of mutation {unknown}
 L - a potion of heal wounds {unknown}
 O - 5 potions of blood
Books
 v - a book of Frost

   Spells                             Type                      Level
   a - Freeze                         Ice                          1
   b - Throw Frost                    Conjuration/Ice              2
   c - Ozocubu's Armour               Charms/Ice                   3
   d - Throw Icicle                   Conjuration/Ice              4
   e - Summon Ice Beast               Ice/Summoning                4
   f - Condensation Shield            Ice                          4
 H - a book of the Dragon

   Spells                             Type                      Level
   a - Flame Tongue                   Conjuration/Fire             1
   b - Cause Fear                     Hexes                        4
   c - Bolt of Fire                   Conjuration/Fire             6
   d - Dragon Form                    Transmutation                7
   e - Dragon's Call                  Summoning                    9
Miscellaneous
 S - a crystal ball of energy


   Skills:
 + Level 5.5 Fighting
 - Level 2.1 Dodging
 - Level 3.0 Stealth
 - Level 5.0 Spellcasting
 - Level 4.2 Conjurations
 - Level 4.8 Summonings
 - Level 8.6 Ice Magic


You had 6 spell levels left.
You knew the following spells:

 Your Spells              Type           Power        Failure   Level  Hunger
a - Summon Ice Beast      Ice/Summ       #####...     6%          4    ####...
H - Freeze                Ice            ####         1%          1    None
J - Throw Icicle          Conj/Ice       #####...     8%          4    ####...
O - Ozocubu's Armour      Chrm/Ice       ####....     4%          3    ##.....


Dungeon Overview and Level Annotations

Branches:
Dungeon (9/15)             Temple (1/1) D:7
   Lair: D:8-11         Orc: D:9-12

Altars:
Ashenzari
Cheibriados
Dithmenos
Fedhas
Gozag
Kikubaaqudgha
Makhleb
Nemelex Xobeh
Okawaru
Pakellas
Qazlal
Ru
Sif Muna
Trog
Vehumet
Xom
Yredelemnul

Annotations:
D:2 exclusion: 3 doors
D:6 4thArraOfDagon's ghost, novice MiEn
D:9 exclusions: quokka and skeleton


Innate Abilities, Weirdness & Mutations

You heal slowly.
You have razor-sharp teeth.
You have supernaturally acute eyesight.
You can survive without breathing.


Message History

w - Wait here. f - Follow me.
Anything else - Stay silent.
Gang up on whom?
Press: ? - help, Dir - move target cursor, f - centaur warrior
Aim: a centaur warrior, wielding a shortbow Attack!
The centaur warrior shoots an arrow of frost.
The arrow of frost barely misses your ice beast.
The arrow of frost hits you!!
* * * LOW HITPOINT WARNING * * *
The arrow of frost freezes you.
* * * LOW HITPOINT WARNING * * *
The centaur warrior shoots an arrow of frost.
The arrow of frost hits your ice beast!
Your ice beast dies!
There is an open door here.
The centaur warrior shoots an arrow of frost.
The arrow of frost hits you!
You die...
Kikubaaqudgha rasps: "You have failed me!
Welcome... oblivion!"

### ###'#### #..... ....
#......# #..... .....
#......### #..... .$...o#####
#......'.# #..... ....Yo'c.(#
#......#.## #.....
.....§###(###......#..###.....
.o... #...#......##..†#...%.
..o. ###('V.....####.......
... ###......# ###..... ..
#......# #..... # #......#
###### ####'### #.# #######
#.## #...... #. #..# #......


You could see a centaur warrior.

Vanquished Creatures
  A hippogriff (D:9)
  2 water moccasins
  2 sky beasts (D:8)
  5 ogres
  3 centaurs
  2 giant frogs (D:6)
  A scorpion (D:5)
  5 crimson imps
  A giant frog zombie (D:8)
  A quasit (D:8)
  4 hounds
  A jelly (D:6)
  3 orc priests
  A centaur skeleton (D:6)
  A giant frog skeleton (D:7)
  3 orc wizards (D:4)
  Ijyb (D:3)
  5 iguanas
  7 worker ants
  A hound zombie (D:5)
  2 hound skeletons
  A worker ant zombie (D:6)
  8 adders
  4 gnolls
  A shadow imp (D:7)
  An ooze (D:3)
  A worm (D:2)
  3 giant geckos
  7 orcs
  2 ball pythons
  6 bats
  7 giant cockroaches
  15 goblins
  10 hobgoblins
  6 jackals (D:3)
  8 quokkas
  A ball python zombie (D:5)
  2 giant gecko skeletons (D:4)
  A giant gecko zombie (D:5)
  10 giant newts
  10 kobolds
  7 rats
163 creatures vanquished.

Vanquished Creatures (collateral kills)
  A hungry ghost (D:7)
  An orc warrior (D:8)
  A necrophage (D:8)
  An ogre (D:8)
  A black bear (D:8)
  3 centaurs
  A giant frog (D:7)
  2 scorpions (D:8)
  A crimson imp (D:7)
  A hound (D:8)
  A quasit (Temple)
  An orc wizard (D:8)
  An orc (D:8)
  A giant gecko skeleton (D:7)
17 creatures vanquished.

Grand Total: 180 creatures vanquished

Notes
Turn   | Place    | Note
--------------------------------------------------------------
     0 | D:1      | axujen the Vampire Ice Elementalist began the quest for the Orb.
     0 | D:1      | Reached XP level 1. HP: 13/13 MP: 3/3
   351 | D:1      | Reached XP level 2. HP: 19/19 MP: 3/5
   682 | D:1      | Reached skill level 4 in Ice Magic
   889 | D:1      | Reached XP level 3. HP: 24/24 MP: 2/6
  1462 | D:2      | Found a sparkling altar of Nemelex Xobeh.
  1551 | D:2      | Reached XP level 4. HP: 21/30 MP: 4/7
  1563 | D:2      | Learned a level 4 spell: Throw Icicle
  1649 | D:2      | Reached skill level 5 in Ice Magic
  1924 | D:3      | Noticed Ijyb
  2043 | D:3      | Killed Ijyb
  2477 | D:3      | Found a shadowy altar of Dithmenos.
  2516 | D:3      | Reached XP level 5. HP: 31/35 MP: 8/8
  2598 | D:3      | Learned a level 3 spell: Ozocubu's Armour
  2661 | D:3      | Found a bloodstained altar of Trog.
  2785 | D:3      | Found a basalt altar of Yredelemnul.
  2853 | D:4      | Found a radiant altar of Vehumet.
  3233 | D:4      | Reached skill level 6 in Ice Magic
  4399 | D:3      | Reached XP level 6. HP: 22/41 MP: 5/9
  4953 | D:4      | Reached skill level 7 in Ice Magic
  5345 | D:5      | Entered Level 5 of the Dungeon
  5421 | D:5      | Reached skill level 8 in Ice Magic
  5892 | D:5      | Reached XP level 7. HP: 19/46 MP: 8/10
  6433 | D:5      | Got a twisted robe
  6511 | D:5      | Identified the +2 robe "Sios" {MR+ Int+4} (You found it on level 5 of the Dungeon)
  6665 | D:5      | Reached skill level 1 in Conjurations
  8331 | D:5      | Reached XP level 8. HP: 7/52 MP: 0/11
  9080 | D:5      | Found a sparkling altar of Nemelex Xobeh.
  9298 | D:6      | Found a blossoming altar of Fedhas.
 10618 | D:6      | Noticed 4thArraOfDagon's ghost (novice MiEn)
 10976 | D:6      | Learned a level 4 spell: Summon Ice Beast
 11045 | D:6      | Reached skill level 1 in Summonings
 11768 | D:7      | Reached XP level 9. HP: 28/57 MP: 4/15
 12104 | D:7      | Found a staircase to the Ecumenical Temple.
 12112 | Temple   | Entered the Ecumenical Temple
 12119 | Temple   | Became a worshipper of Kikubaaqudgha
 12334 | D:7      | Found a shimmering altar of Xom.
 12336 | D:7      | Found a stormy altar of Qazlal.
 12506 | D:7      | Found an iron altar of Okawaru.
 12615 | D:8      | Reached skill level 5 in Spellcasting
 12642 | D:8      | Reached skill level 1 in Fighting
 14455 | D:8      | Reached skill level 5 in Fighting
 14533 | D:9      | Found a snail-covered altar of Cheibriados.
 14758 | D:9      | Noticed a centaur warrior
 14767 | D:9      | Shot with an arrow of frost by a centaur warrior

Vault maps used:
D:1:      wheals_arrival_shading
D:2:      good_gods_mini_temple, nemelex_spade_bored_becter
D:3:      kennysheep_big_flooded_room, nicolae_dithmenos_shadow_blocks,
          marbit_many_paths, first_bread, bloody_trog, uniq_iyjb
D:4:      vehumet_altar_wand_db, st_stairs_3, eino_curves_03, minmay_door_square
D:5:      nemelex_altar_shiori
D:6:      lemuel_round_altar, kennysheep_flooded_box
D:7:      grunt_temple_overflow_open, minmay_temple_entry_junction
D:9:      kennysheep_mini, serial_shops, shop, hangedman_tree_tricks
Temple:   temple_eino_lava_8

Action                   |  1- 3 |  4- 6 |  7- 9 || total
-------------------------+-------+-------+-------++-------
Melee: Club              |     7 |       |       ||     7
       Dagger            |       |   138 |   284 ||   422
       Staff             |       |     3 |       ||     3
Throw: Stone             |     5 |     3 |     7 ||    15
 Cast: Freeze            |    66 |    51 |    13 ||   130
       Throw Icicle      |       |       |    71 ||    71
       Ozocubu's Armour  |       |       |    11 ||    11
       Summon Ice Beast  |       |       |    15 ||    15
 Abil: End Transformatio |       |       |     2 ||     2
       Bat Form          |       |       |     2 ||     2
Evoke: Wand              |       |       |     1 ||     1
  Use: Scroll            |     5 |     6 |     9 ||    20
       Potion            |     1 |     7 |    19 ||    27
 Stab: Sleeping          |     1 |     7 |     2 ||    10
       Distracted        |       |     2 |       ||     2
       Invisible         |       |       |     1 ||     1
  Eat: Corpse            |       |       |     4 ||     4
